 Dungeon Crawl Stone Soup version 0.20.1 (webtiles) character file.

53 dvd the Firebug (level 3, -4/19 HPs)
             Began as a Deep Elf Fire Elementalist on July 2, 2017.
             Slain by Natasha (6 damage)
             ... on level 2 of the Dungeon.
             The game lasted 00:03:01 (1293 turns).

dvd the Firebug (Deep Elf Fire Elementalist)        Turns: 1293, Time: 00:03:02

Health: -4/19      AC:  0    Str:  5    XL:     3   Next: 62%
Magic:  6/10       EV: 15    Int: 20    God:
Gold:   79         SH:  0    Dex: 15    Spells: 6/9 levels left

rFire    . . .     SeeInvis .   (weapon currently unavailable)
rCold    . . .     Gourm    .   (shield currently unavailable)
rNeg     . . .     Faith    .   (armour currently unavailable)
rPois    .         Spirit   .   (helmet currently unavailable)
rElec    .         Reflect  .   (cloak currently unavailable)
rCorr    .         Harm     .   (gloves currently unavailable)
MR       .....                  (boots currently unavailable)
Stlth    ++........             (no amulet)
Regen    0.1/turn               (ring currently unavailable)
MPRegen  0.2/turn               (ring currently unavailable)

@: pig-form (expiring), very slightly contaminated, very quick
A: no striking features
a: no special abilities


You were on level 2 of the Dungeon.
You were not hungry.
You were a filthy swine.
You visited 1 branch of the dungeon, and saw 2 of its levels.

You collected 79 gold pieces.

Inventory:

Hand Weapons
 e - a +0 dagger
 j - a +0 dagger (melded)
Armour
 a - a +0 robe (melded)
Scrolls
 k - 2 scrolls of amnesia {unknown}
Potions
 d - a potion of curing {unknown}
 f - 2 potions of ambrosia {unknown}
 g - a potion of cancellation {unknown}
 h - a potion of invisibility {unknown}
 i - a potion of flight {unknown}
 l - a potion of mutation {unknown}
Books
 b - a book of Flames

   Spells                             Type                      Level
   a - Flame Tongue                   Conjuration/Fire             1
   b - Throw Flame                    Conjuration/Fire             2
   c - Conjure Flame                  Conjuration/Fire             3
   d - Inner Flame                    Hexes/Fire                   3
   e - Sticky Flame                   Conjuration/Fire             4
   f - Fireball                       Conjuration/Fire             5
Comestibles
 c - 2 bread rations
 m - 6 chunks of flesh


   Skills:
 + Level 2.8 Dodging
 + Level 2.6 Stealth
 + Level 3.5 Spellcasting
 + Level 2.1 Conjurations
 + Level 4.1 Fire Magic


You had 6 spell levels left.
You knew the following spells:

 Your Spells              Type           Power        Failure   Level  Hunger
a - Flame Tongue          Conj/Fire      ###..        3%          1    None
b - Throw Flame           Conj/Fire      ###...       5%          2    ##.....


Dungeon Overview and Level Annotations

Branches:
Dungeon (2/15)

Altars:

Annotations:
D:2 Natasha


Message History

You closely miss Natasha.
Natasha is severely wounded.
Natasha closely misses you.
Sorry, you're not good enough to have a special ability.
Unknown command.
You hit Natasha but do no damage.
Natasha is severely wounded.
Your transformation is almost over.
Natasha misses you.
You closely miss Natasha.
Natasha is severely wounded.
Natasha mumbles some strange words.
Natasha glows brightly for a moment.
Natasha zaps a wand.
You resist with some effort.
You hit Natasha.
Natasha is almost dead.
Natasha howls an incantation.
You feel disoriented. Natasha claws you.
You die...

.# .# #.##
##...## #
##.....##
######## #.
#.......#
#.......
#.####......#
#.######
...##h#)...#
#.######
##.##h##.#.#
#.<.....
#.....# ## #
########
#.)#### #..#
### .##
#######..#
... ..#
.........##.#
#.#
#...........#
#.##########
#.#####.#.#.#
#...........
#.....#
#..##.......


You could see Natasha.

Vanquished Creatures
  An adder (D:2)
  2 dart slugs (D:1)
  3 leopard geckos (D:1)
  3 bats (D:1)
  A giant cockroach (D:1)
  10 goblins
  2 hobgoblins (D:2)
  A ball python (D:2)
  2 frilled lizards (D:1)
  8 kobolds
  2 rats (D:2)
35 creatures vanquished.

Notes
Turn   | Place    | Note
-------+----------+-------------------------------------------
     0 | D:1      | dvd the Deep Elf Fire Elementalist began the quest for the Orb.
     0 | D:1      | Reached XP level 1. HP: 10/10 MP: 6/6
   391 | D:1      | Reached XP level 2. HP: 15/15 MP: 6/8
   395 | D:1      | Learned a level 2 spell: Throw Flame
   801 | D:1      | Reached skill level 4 in Fire Magic
   906 | D:1      | Reached XP level 3. HP: 19/19 MP: 8/10
  1269 | D:2      | Noticed Natasha
  1293 | D:2      | Slain by Natasha

Skill      XL: |  1  2  3 |
---------------+----------+-----
Fire Magic     | 4 |  4.1
Conjurations   | 2 |  2.1
Dodging        | |  2.8
Stealth        | |  2.6
Spellcasting   | |  3.5

Action                   || total
-------------------------++-------
Melee: Unarmed           ||    16
       Dagger            ||     5
 Cast: Flame Tongue      ||    54
       Throw Flame       ||     4
 Stab: Sleeping          ||     3
  Eat: Chunk             ||     1
Dodge: Dodged            ||    33
